 Dungeon Crawl Stone Soup version 0.28.0-45-g0d030f2227 (webtiles) character file.

Game seed: 3013150215778897124

21734 CryoSword the Arsonist (level 12, -2/100 HPs)
             Began as a Demigod Fire Elementalist on Apr 8, 2022.
             Slain by a death yak (11 damage)
             ... on level 2 of the Lair of Beasts.
             The game lasted 00:38:09 (22404 turns).

CryoSword the Arsonist (Demigod Fire Elementalist) Turns: 22404, Time: 00:38:09

Health: -2/100     AC: 11    Str: 16    XL:     12   Next: 26%
Magic:  12/20      EV: 19    Int: 25    God:
Gold:   888        SH:  5    Dex: 18    Spells: 10/17 levels left

rFire   + + +      SeeInvis .   a - +5 quarterstaff of Qyimypt {elec, *Noise rPois rF+++ Str+3}
rCold   + . .      Faith    .   (shield currently unavailable)
rNeg    . . .      Spirit   .   z - +0 leather armour of Paranoia {rF+ rC+ Slay+6}
rPois   +          Reflect  +   g - +1 helmet
rElec   .          Harm     .   e - scarf {repulsion}
rCorr   .          Rampage  .   (no gloves)
Will    +....                   N - +1 pair of boots
Stlth   +++.......              i - amulet of reflection
HPRegen 0.26/turn               M - +4 ring of evasion
MPRegen 0.17/turn               x - +4 ring of protection {=R}

@: repel missiles
A: high MP 1, forlorn, divine attributes
a: no special abilities


You were on level 2 of the Lair of Beasts.
You visited 2 branches of the dungeon, and saw 14 of its levels.

You collected 888 gold pieces.

Inventory:

Hand Weapons
 a - the +5 quarterstaff of Qyimypt (weapon) {elec, *Noise rPois rF+++ Str+3}
   (You found it on level 6 of the Dungeon)

   It occasionally discharges a powerful burst of electricity upon striking a
   foe.
   Str:       It affects your strength (+3).
   rF:        It renders you almost immune to fire.
   rPois:     It protects you from poison.
   *Noise:    It may make noises in combat.
Missiles
 n - 11 atropa-tipped darts
 w - 3 boomerangs
 H - 12 poisoned darts
 I - a curare-tipped dart
Armour
 e - a scarf of repulsion (worn)
   (You found it on level 2 of the Dungeon)
 g - a +1 helmet (worn)
   (You took it off Robin on level 2 of the Dungeon)
 z - the +0 leather armour of Paranoia (worn) {rF+ rC+ Slay+6}
   (You found it on level 4 of the Dungeon)

   Slay:      It affects your accuracy & damage with ranged weapons and melee
   (+6).
   rF:        It protects you from fire.
   rC:        It protects you from cold.
 A - a +0 buckler
   (You took it off a gnoll sergeant on level 5 of the Dungeon)
 J - +0 swamp dragon scales
   (You took it off Maggie on level 7 of the Dungeon)
 N - a +1 pair of boots (worn)
   (You found it on level 10 of the Dungeon)
Jewellery
 i - an amulet of reflection (around neck)
   (You found it on level 2 of the Dungeon)
 o - an amulet of magic regeneration
   (You found it on level 3 of the Dungeon)
 t - a ring of protection from fire
   (You found it on level 4 of the Dungeon)
 x - a +4 ring of protection (right hand) {=R}
   (You took it off an orc priest on level 4 of the Dungeon)
 G - the ring "Qifinexe" {+Blink Str+3 Dex+6}
   (You found it on level 7 of the Dungeon)

   [ring of dexterity]

   Str:       It affects your strength (+3).
   Dex:       It affects your dexterity (+6).
   +Blink:    It lets you blink.
 M - a +4 ring of evasion (left hand)
   (You found it on level 10 of the Dungeon)
 O - a ring of willpower
   (You found it on level 11 of the Dungeon)
Wands
 r - a wand of acid (12) (quivered)
   (You found it on level 3 of the Dungeon)
 B - a wand of iceblast (3)
   (You found it on level 6 of the Dungeon)
Scrolls
 b - 2 scrolls of fear
 d - a scroll of fog
 j - 3 scrolls of teleportation {@r4}
 m - a scroll of amnesia {unknown}
 u - a scroll of acquirement {unknown}
 v - a scroll of enchant armour
 y - a scroll of identify {@r1}
 C - a scroll of blinking {unknown}
 E - a scroll of magic mapping
 K - a scroll of immolation {unknown}
 L - a scroll of brand weapon {unknown}
 Q - a scroll of noise {unknown}
 R - a scroll of enchant weapon {unknown}
 V - 2 scrolls of torment {unknown}
Potions
 c - 4 potions of heal wounds {@q2}
 f - 6 potions of brilliance
 h - 2 potions of ambrosia {unknown}
 k - 2 potions of lignification {!q}
 l - 4 potions of curing {@q1}
 p - 3 potions of flight {unknown}
 q - 3 potions of resistance
 s - 2 potions of degeneration {unknown}
 D - 2 potions of mutation {!q}
 F - 2 potions of cancellation {unknown}
 P - a potion of invisibility {unknown}
 T - 2 potions of might {unknown}
 U - a potion of attraction {unknown}
 W - 2 potions of magic
Miscellaneous
 S - a box of beasts
   (You found it on level 11 of the Dungeon)


   Skills:
 + Level 7.2 Fighting
 - Level 3.2 Short Blades
 - Level 2.6(3.3) Maces & Flails
 + Level 2.8(3.4) Staves
 + Level 5.9 Dodging
 - Level 5.0 Stealth
 - Level 5.0 Shields
 - Level 3.0 Spellcasting
 * Level 10.0 Conjurations
 * Level 10.6 Fire Magic
 - Level 3.0 Evocations


You had 10 spell levels left.
You knew the following spells:

 Your Spells              Type           Power      Damage    Failure   Level
a - Foxfire               Conj/Fire      100%       2x1d9     1%          1
b - Scorch                Fire           100%       2d10      1%          2
c - Flame Wave            Conj/Fire      53%        2d11      1%          4

Your spell library contained the following spells:

 Spells                   Type           Power      Damage    Failure   Level
 Conjure Flame            Conj/Fire      53%        6-21      1%          3
 Inner Flame              Hex/Fire       30%        N/A       4%          3


Dungeon Overview and Level Annotations

Branches:
Dungeon (11/15)            Temple (0/1) D:6            Lair (3/6) D:9
  Swamp (0/4) Lair:2       Spider (0/4) Lair:2          Orc (0/2) D:11

Shops:
D:9 :

Portals:
Trove: D:10 (give +3 gold dragon scales)

Annotations:
D:9 3 runed translucent doors, Vogrul's ghost, novice HOFi; kelmiir's ghost, novice DgEE


Innate Abilities, Weirdness & Mutations

You have an increased reservoir of magic. (+10% MP)
You shall have no god before yourself.
Your divine heritage dramatically boosts your attributes as you level up.


Message History

You conjure some foxfire!
The elephant misses you. The elephant closely misses you.
Flames lash the elephant.
The elephant is burned terribly!
The foxfire hits the elephant.
The foxfire hits the elephant!
The elephant is burned terribly!
The elephant barely misses you. The elephant trunk-slaps you.
You conjure some foxfire!
The elephant tramples you!
You hold your ground!
The elephant trunk-slaps you but does no damage.
Flames lash the elephant.
The elephant is burned terribly!
You kill the elephant!
You conjure some foxfire!
Flames lash the elephant.
The elephant's fire resistance burns away.
The foxfire hits the elephant.
The elephant is burned terribly!
The foxfire hits the elephant.
The elephant is burned terribly!
The elephant misses you. x2
You conjure some foxfire!
The elephant tramples you but does no damage.
The elephant barely misses you.
Flames lash the elephant.
The elephant is burned terribly!
The foxfire hits the elephant but does no damage. x2
The elephant misses you. The elephant closely misses you.
You conjure some foxfire!
The elephant completely misses you.
The elephant trunk-slaps you but does no damage.
Flames lash the elephant.
The elephant is burned terribly!
The foxfire hits the elephant!
The elephant is burned terribly!
The foxfire hits the elephant.
The elephant is burned terribly!
The elephant misses you. The elephant trunk-slaps you.
You don't have enough magic to cast this spell.
You thump the elephant!
You kill the elephant!
You start resting.
You start resting.
You see here an elephant corpse.
An elephant is nearby!
You conjure some foxfire!
The elephant trumpets!
You conjure some foxfire!
You conjure some foxfire!
The foxfire hits the elephant.
The foxfire hits the elephant!
The foxfire hits the elephant. x2
You conjure some foxfire!
The foxfire hits the elephant!
The foxfire hits the elephant but does no damage.
Flames lash the elephant.
The elephant's fire resistance burns away.
The foxfire hits the elephant!
The elephant is burned terribly!
The foxfire hits the elephant.
The elephant is burned terribly!
You conjure some foxfire!
The elephant tramples you.
You hold your ground!
The elephant completely misses you.
Flames lash the elephant.
The elephant is burned terribly!
The foxfire hits the elephant!
The elephant is burned terribly!
You kill the elephant!
Your Conjurations skill increases to level 10!
An elephant is nearby!
An elephant is nearby!
An elephant is nearby!
You conjure some foxfire!
You conjure some foxfire!
The foxfire hits the elephant but does no damage.
Flames lash the elephant.
The elephant's fire resistance burns away.
The foxfire hits the elephant but does no damage.
The foxfire hits the elephant!
The elephant is burned terribly!
The foxfire hits the elephant but does no damage.
You conjure some foxfire!
The elephant tramples you.
You stumble backwards!
You conjure some foxfire!
The foxfire hits the elephant but does no damage.
The foxfire hits the elephant.
The elephant is burned terribly!
The elephant tramples you but does no damage.
The elephant barely misses you.
Flames lash the elephant.
The elephant is burned terribly!
The foxfire hits the elephant but does no damage.
The foxfire hits the elephant!
The elephant is burned terribly!
The elephant tramples you.
You stumble backwards!
You conjure some foxfire!
The elephant tramples you!
You hold your ground!
The elephant trunk-slaps you.
Flames lash the elephant.
The elephant is burned terribly!
The foxfire hits the elephant!
The elephant is burned terribly!
The foxfire hits the elephant but does no damage.
The elephant completely misses you. The elephant trunk-slaps you.
You conjure some foxfire!
The elephant tramples you.
You stumble backwards!
Flames lash the elephant but do no damage.
The foxfire hits the elephant!
The elephant is burned terribly!
You kill the elephant!
Key pressed, stopping explore.
Done exploring.
Done exploring.
Done exploring.
Done exploring.
There is a shaft here.
There is a shaft here.
There is a shaft here.
There is a stone staircase leading down here.
You climb downwards.
You hear a distant snort.
Hark!
There is a gateway to a gauntlet on this level.
Find the entrance quickly before the gate is sealed!
There is a stone staircase leading up here.
As you read the scroll of magic mapping, it crumbles to dust.
You feel aware of your surroundings.
You sensed 1 shop/portal.
Found 18 gold pieces and 15 stones.
Found an escape hatch in the ceiling.
You now have 888 gold pieces (gained 18).
You open the door.
A death yak comes into view. x2
There is an open door here.
You open the door. 2 death yaks come into view.
The death yak bellows! x3
Found 16 arrows.
There is an open door here.
Flames lash the death yak.
The death yak's fire resistance burns away.
The death yak closely misses you.
Flames lash the death yak.
The death yak is burned terribly!
You hear a bellow!
The death yak gores you!!
A wave of flame ripples out!
The flame wave engulfs the death yak!!
The death yak is burned terribly! (Press . to intensify the flame waves.)
You hear a bellow!
The death yak gores you!!
A wave of flame ripples out!
The flame wave engulfs the death yak. x2
The death yak is burned terribly!
The flame wave engulfs the death yak.
You hear a bellow! x2
The death yak gores you but does no damage.
The death yak closely misses you.
A wave of flame ripples out!
The flame wave engulfs the death yak! x3
The death yak is burned terribly!
You finish channelling waves of flame.
A yak comes into view.
The death yak closely misses you. The death yak gores you!!
* * * LOW HITPOINT WARNING * * *
The death yak gores you!!
* * * LOW HITPOINT WARNING * * *
A yak comes into view.
A yak comes into view. x2
A yak comes into view.
The yak completely misses you.
There is an escape hatch in the ceiling here.
The yak completely misses you. The death yak gores you!
* * * LOW HITPOINT WARNING * * *
A mysterious force pulls you upwards. The hatch slams shut behind you.
As you read the scroll of fear, it crumbles to dust.
You assume a fearsome visage.
The death yak resists with almost no effort.
The yak looks frightened!
The death yak misses you.
The death yak is no longer more vulnerable to fire.
The death yak gores you!
You die...

.........#............#
.........##...........#
......#####.........###
....P## ##.......##
..#### #.###..### ###
..## ### ##...####.##
..P# ###......#.# ####
###..........# #
##..@.........#
##..Y.........##
#.............###
###..>............#
#P..............###
##......Y........#
#...............##
###..............##
#P.P..........#.#


You could see a death yak and a yak (fleeing).

Vanquished Creatures
  5 hydras
  2 two-headed ogres
  3 skeletal warriors (D:10)
  A bog body (Lair:2)
  Pikel (D:4)
  A deep elf pyromancer (D:9)
  2 cyclopes
  6 elephants
  A black mamba (Lair:1)
  4 cane toads
  Maggie (D:7)
  6 komodo dragons
  2 rime drakes
  A polar bear (Lair:1)
  A shadow (D:11)
  Sigmund (D:2)
  9 yaks
  Eustachio (D:5)
  2 wraiths (D:11)
  Grum (Lair:1)
  A basilisk (Lair:2)
  2 steam dragons
  A redback (Lair:2)
  Edmund (D:5)
  An acid dragon (D:10)
  A swamp worm (Lair:2)
  3 water moccasins
  3 orc warriors
  A sky beast (D:6)
  A black bear (D:6)
  An ice beast (D:5)
  2 ogres
  A phantom (D:4)
  A centaur (D:7)
  2 wolves (Lair:1)
  3 lemures
  A kobold brigand (D:7)
  4 bullfrogs
  2 gnoll sergeants
  3 scorpions
  A wyvern skeleton (D:6)
  A water moccasin skeleton (D:4)
  19 killer bees
  8 wights
  An electric eel (Lair:2)
  4 centaur zombies
  4 orc priests
  2 jellies
  2 centaur skeletons
  Natasha (thrice) (D:2)
  8 orc wizards
  2 killer bee zombies (D:6)
  A hound zombie (D:5)
  A hound skeleton (D:4)
  Robin (D:2)
  6 gnolls
  A howler monkey skeleton (D:7)
  8 adders
  An ufetubus (D:5)
  3 worms
  A dart slug (D:2)
  31 orcs
  4 endoplasms
  A giant cockroach (D:1)
  10 goblins
  7 hobgoblins
  10 kobolds
  2 quokkas
  8 ball pythons
  4 bats
  4 frilled lizards
  5 rats
250 creatures vanquished.

Vanquished Creatures (collateral kills)
  12 foxfires
12 creatures vanquished.

Vanquished Creatures (others)
  908 foxfires
  10 fungi
  15 plants
933 creatures vanquished.

Grand Total: 1195 creatures vanquished

Notes
Turn   | Place    | Note
-------+----------+-------------------------------------------
     0 | D:1      | CryoSword the Demigod Fire Elementalist began the quest for
                  | the Orb.
     0 | D:1      | Reached XP level 1. HP: 14/14 MP: 5/5
    90 | D:1      | Reached skill level 1 in Conjurations
   354 | D:1      | Reached XP level 2. HP: 16/22 MP: 2/7
  1307 | D:2      | Learned a level 2 spell: Scorch
  1393 | D:2      | Noticed Natasha
  1400 | D:2      | Killed Natasha
  1401 | D:2      | Reached skill level 1 in Fighting
  1401 | D:2      | Reached XP level 3. HP: 28/28 MP: 0/8
  1621 | D:2      | Noticed Sigmund
  1716 | D:2      | Noticed Natasha
  1720 | D:2      | Killed Natasha
  1721 | D:2      | Reached XP level 4. HP: 35/35 MP: 3/9
  2009 | D:2      | Noticed Natasha
  2230 | D:2      | Noticed Robin
  2246 | D:2      | Killed Robin
  2622 | D:2      | Killed Sigmund
  2623 | D:2      | Reached XP level 5. HP: 33/41 MP: 0/10
  2697 | D:2      | Killed Natasha
  2864 | D:2      | Learned a level 4 spell: Flame Wave
  3207 | D:3      | Reached XP level 6. HP: 48/48 MP: 7/11
  4776 | D:4      | Reached skill level 5 in Fire Magic
  4875 | D:4      | Identified the +0 leather armour of Paranoia {rF+ rC+
                  | Slay+6}
  5457 | D:5      | Entered Level 5 of the Dungeon
  5625 | D:4      | Reached XP level 7. HP: 52/56 MP: 1/12
  5855 | D:5      | Noticed Edmund
  5867 | D:5      | Killed Edmund
  5975 | D:5      | Noticed Eustachio
  5993 | D:5      | Killed Eustachio
  6606 | D:5      | Reached XP level 8. HP: 64/64 MP: 8/13
  6779 | D:5      | Noticed Pikel
  6938 | D:4      | Killed Pikel
  6939 | D:4      | Reached skill level 5 in Conjurations
  7575 | D:6      | Found a staircase to the Ecumenical Temple.
  8272 | D:6      | Identified the +5 quarterstaff of Qyimypt {elec, *Noise
                  | rPois rF+++ Str+3}
  8328 | D:6      | Reached skill level 1 in Short Blades
  8805 | D:6      | Reached XP level 9. HP: 50/72 MP: 1/14
  9672 | D:7      | Identified the ring "Qifinexe" {+Blink Str+3 Dex+6}
  9924 | D:7      | Noticed Maggie
  9935 | D:7      | Killed Maggie
 10304 | D:8      | Noticed a two-headed ogre
 10314 | D:8      | Killed a two-headed ogre
 10315 | D:8      | Reached skill level 5 in Fighting
 10333 | D:8      | Noticed a cyclops
 10772 | D:8      | Killed a cyclops
 11158 | D:8      | Reached XP level 10. HP: 70/81 MP: 10/15
 11518 | D:9      | Found Qeficlo's Book Shop.
 12135 | D:9      | Found a staircase to the Lair.
 12296 | D:9      | Identified the +10 whip "Halab" {vorpal, Dex+4}
 12772 | D:9      | Noticed a two-headed ogre
 12783 | D:9      | Killed a two-headed ogre
 12993 | D:9      | Noticed a deep elf pyromancer
 12998 | D:9      | Killed a deep elf pyromancer
 12999 | D:9      | Reached skill level 1 in Maces & Flails
 13165 | D:9      | Found a runed translucent gate.
 13165 | D:9      | Found a runed translucent gate.
 13165 | D:9      | Found a runed translucent gate.
 13169 | D:9      | Noticed Vogrul's ghost (novice HOFi)
 13169 | D:9      | Noticed kelmiir's ghost (novice DgEE)
 13347 | D:10     | Entered Level 10 of the Dungeon
 13487 | D:10     | Found a portal to a secret trove of treasure.
 14313 | D:11     | Noticed a skeletal warrior
 14315 | D:11     | Noticed a skeletal warrior
 14316 | D:11     | Noticed a skeletal warrior
 14352 | D:10     | HP: 4/83 [skeletal warrior/+0 vampiric scimitar[a skeletal
                  | warrior] (23)]
 14753 | D:10     | Killed a skeletal warrior
 14873 | D:10     | Killed a skeletal warrior
 15152 | D:10     | Killed a skeletal warrior
 15153 | D:10     | Reached XP level 11. HP: 30/89 MP: 0/19
 15958 | D:11     | Reached skill level 1 in Evocations
 16064 | D:11     | Found a staircase to the Orcish Mines.
 16385 | D:11     | Reached skill level 5 in Dodging
 16963 | Lair:1   | Entered Level 1 of the Lair of Beasts
 17088 | Lair:1   | Noticed Grum
 17096 | Lair:1   | Killed Grum
 17159 | Lair:1   | Noticed a four-headed hydra
 17174 | Lair:1   | Noticed a seven-headed hydra
 17175 | Lair:1   | Killed a four-headed hydra
 17431 | Lair:1   | Killed a seven-headed hydra
 17907 | Lair:1   | Reached skill level 1 in Staves
 18576 | Lair:1   | Reached skill level 10 in Fire Magic
 18773 | Lair:2   | Noticed a four-headed hydra
 19162 | Lair:2   | Noticed a four-headed hydra
 19167 | Lair:2   | Killed a four-headed hydra
 19260 | Lair:2   | Killed a four-headed hydra
 19261 | Lair:2   | Reached skill level 5 in Stealth
 20081 | Lair:1   | Reached skill level 5 in Shields
 20081 | Lair:1   | Reached XP level 12. HP: 74/97 MP: 3/20
 20193 | Lair:2   | Found a hole to the Spider Nest.
 20199 | Lair:2   | Noticed a seven-headed hydra
 20576 | Lair:2   | Noticed a seven-headed hydra
 20583 | Lair:2   | Killed a seven-headed hydra
 20896 | Lair:2   | Found a staircase to the Swamp.
 21847 | Lair:2   | Found a staircase to the Swamp.
 22075 | Lair:2   | Reached skill level 10 in Conjurations
 22404 | Lair:2   | Slain by a death yak

Illustrated notes

Levels and vault maps discovered:
D:1:      saegor_arrival_miasma, layout_loops_cross,
          ebering_ecumenical_altar_hall, minmay_misc_feat_encased
D:2:      layout_loops_ring, minivault_27, uniq_natasha, uniq_sigmund,
          uniq_robin
D:3:      layout_loops_corners
D:4:      layout_loops_ring, saegor_snake_ambush
D:5:      layout_gridville, uniq_eustachio, uniq_edmund, uniq_pikel
D:6:      layout_layer_cave, minmay_temple_entry_drinking_statues
D:7:      layout_loops_ring, uniq_maggie
D:8:      layout_basic
D:9:      layout_long_grid, nicolae_gozag_cash_rules_everything_around_me,
          david_lair_shrubbed, gammafunk_ghost_cemetery, serial_shops,
          nicolae_stop_n_shop_1, guppyfry_early_elven_hall
D:10:     layout_roguey, nicolae_trove_entry_isolated
D:11:     layout_gridville, david_orc_2
Lair:1:   layout_loops_ring, serial_bayou_pond_a, serial_bayou_shore_b,
          uniq_grum
Lair:2:   layout_cave_pods, nicolae_swamp_entry_splash_gauntlet,
          spider_nest_entry_a, minmay_holes
Lair:3:   layout_roguey, gauntlet_entry_generic

Skill      XL: |  1  2  3  4  5  6  7  8  9 10 11 12 |
---------------+-------------------------------------+-----
Conjurations   | 1 2 3 4 5 7 8 9 10 | 10.0
Stealth        | 2 3 4 5 |  5.0
Fire Magic     | 3 4 5 6 8 9 10 | 10.6
Fighting       | 1 2 3 4 5 6 7 |  7.2
Dodging        | 2 3 4 5 |  5.9
Shields        | 3 5 |  5.0
Short Blades   | 1 3 |  3.2
Spellcasting   | 3 |  3.0
Maces & Flails | 2 |  2.6
Evocations     | 2 3 |  3.0
Staves         | 2 |  2.8

Action                   |  1- 3 |  4- 6 |  7- 9 | 10-12 || total
-------------------------+-------+-------+-------+-------++-------
Melee: Dagger            |     3 |    25 |     9 |       ||    37
       Unarmed           |     1 |       |       |       ||     1
       Short sword       |    19 |     7 |       |       ||    26
       Punch             |       |     1 |       |       ||     1
       Rapier            |       |       |    27 |     6 ||    33
       Whip              |       |       |       |    32 ||    32
       Quarterstaff      |       |       |       |    20 ||    20
 Cast: Foxfire           |    54 |    53 |   158 |   280 ||   545
       Scorch            |     1 |    60 |    68 |   222 ||   351
       Flame Wave        |       |       |       |     3 ||     3
Evoke: Wand              |       |       |       |     8 ||     8
  Use: Scroll            |     2 |       |     5 |    11 ||    18
       Potion            |       |       |       |     1 ||     1
 Stab: Sleeping          |     3 |     2 |     1 |       ||     6
Armor: Robe              |     5 |     4 |       |       ||     9
       Leather armour    |       |     6 |    18 |   103 ||   127
Dodge: Dodged            |    30 |    30 |    58 |   209 ||   327
       Repelled          |       |     1 |     2 |     3 ||     6
Block: Other             |       |    10 |     8 |    38 ||    56
       Reflection        |       |     1 |     6 |     1 ||     8
       Buckler           |       |       |    34 |   100 ||   134
